[Event "Championnat du monde jeunes U12F"]
[Date "2024.11.24"]
[White "Prokofieva, Alexandra"]
[Black "Busuioc, Amelie"]
[WhiteElo "1467"]
[BlackElo "1581"]
[Round "9.38"]
[Result "0-1"]
[TimeControl "5400+30"]

1. d3 Nf6 2. e4 e5 3. g3 Bc5 4. Be3 Bb6 5. Bg2 Nc6 6. Ne2 d6 7. h3 Be6 8. Nbc3 O-O 9. O-O Qd7 10. Kh2 d5 11. exd5 Nxd5 12. Nxd5 Bxd5 13. Bxd5 Qxd5 14. Nc3 Qd7 15. Rh1 f5 16. Bxb6 axb6 17. a3 f4 18. Qg1 Nd4 19. Qg2 fxg3+ 20. Qxg3 Rae8 21. Rae1 Qc6 22. Re4 Nf3+ 23. Kg2 Nd2 24. Rg1 Nxe4 25. Nxe4 Qxc2 26. Kh1 Re7 27. Qh4 Ref7 28. Ng5 Qc6+ 29. Rg2 h6 30. Nxf7 Rxf7 31. Kh2 Qd6 32. Kg1 Qxd3 33. Qxh6 Qb1+ 34. Kh2 Qxb2 35. Qe6 Qxa3 36. Qc8+ Qf8 37. Qxb7 Rxf2 38. Qxc7 Qf4+ 39. Kh1 Rf1+ 40.
Rg1 Qf3+ 41. Kh2 Rf2+ 42. Rg2 Qxg2# 0-1

[Variant "Standard"]
[Site "Europe Echecs"]

[Event "Championnat du monde jeunes U12F"]
[Date "2024.11.24"]
[White "Saharkar, Sharvari"]
[Black "Li, Yeeshuen"]
[WhiteElo "1581"]
[BlackElo "1546"]
[Round "9.39"]
[Result "1-0"]
[TimeControl "5400+30"]

1. e4 d5 2. exd5 Nf6 3. d4 Nxd5 4. Nf3 Nc6 5. Bc4 Bg4 6. c3 e6 7. Be3 Bd6 8. Nbd2 Nf4 9. Bxf4 Bxf4 10. Qc2 Qe7 11. Qe4 Qd6 12. g3 Bxd2+ 13. Nxd2 Bf5 14. Qe2 O-O-O 15. Ne4 Bxe4 16. Qxe4 Kb8 17. O-O-O Na5 18. Bd3 Qd5 19. Qxd5 Rxd5 20. f4 Rhd8 21. Rhe1 Nc6 22. Re3 Ne7 23. Rde1 c5 24. Be4 cxd4 25. Bxd5 dxe3 26. Be4 Rd2 27. h4 Nf5 28. Bxf5 exf5 29. Rxe3 Rd7 30. Kc2 Kc7 31. Re5 g6 32. h5 Kd6 33. h6 Re7 34. Rxe7 Kxe7 35. Kd3 f6 36. Kc4 Kd6 37. Kd4 g5 38. c4 b6 39. b4 Kc6 40. fxg5 fxg5 41. Ke5 f4 42. gxf4 g4 43. Ke4 Kd6 44. f5 g3 45. Kf3 Ke5 46. Kxg3 Kxf5 47. Kf3 Ke5 48. Kg4 Kd4 49. Kg5 Kxc4 50. Kf6 Kxb4 51. Kg7 Ka3 52. Kxh7 Kxa2 53. Kg7 a5 54. h7 a4 55. h8=Q a3 56. Qh2+ Kb1 57. Qg1+ Kc2 58. Qf2+ Kc1 59. Qa2 Kd1 60. Qxa3 Kc2 61. Kf6 Kb1 62. Ke5 Kc2 63. Kd4 b5 64. Qa2+ Kc1 65. Kc3 b4+ 66. Kxb4 Kd1 67. Kc3 Kc1 68. Qa1# 1-0

[Variant "Standard"]
[Site "Europe Echecs"]

[Event "Championnat du monde jeunes U12F"]
[Date "2024.11.24"]
[White "Yang, Hayeon"]
[Black "Istratova, Nika"]
[WhiteElo "1482"]
[BlackElo "1473"]
[Round "9.40"]
[Result "1/2-1/2"]
[TimeControl "5400+30"]

1. d4 d5 2. Bf4 Nf6 3. e3 e6 4. Nf3 Bd6 5. Bg3 O-O 6. c3 c5 7. Nbd2 b6 8. b3 Qc7 9. Bd3 Nbd7 10. Rc1 e5 11. dxe5 Nxe5 12. Bxe5 Bxe5 13. Nxe5 Qxe5 14. c4 Re8 15. O-O Bb7 16. Nf3 Qc7 17. cxd5 Bxd5 18. Bc4 Bxc4 19. Rxc4 Rad8 20. Qe2 Re4 21. h3 h6 22. Rxe4 Nxe4 23. Rd1 Nc3 24. Rxd8+ Qxd8 25. Qc2 Qd1+ 26. Qxd1 Nxd1 27. Kf1 Nc3 28. a3 f6 29. g4 Kf7 30. Ke1 g5 31. h4 Ke6 32. h5 f5 33. Nh2 b5 34. f3 f4 35. exf4 gxf4 36. Nf1 a5 37. Nd2 Nd5 38. Ne4 c4 39. bxc4 bxc4 40. Kd2 a4 41. Nc3 Nb6 42. Ne4 Nd5 43. g5 hxg5 44. Nxg5+ Kf6 45. h6 Kg6 46. h7 Kg7 47. Ne4 Kxh7 48. Nc5 Nb6 49. Kc3 Kg6 50. Ne6 Kf5 51. Nd4+ Ke5 52. Ne2 Kf5 53. Kd4 Kg5 54. Ke4 Nd7 55. Nxf4 Nc5+ 56. Ke3 c3 57. Ne2 c2 58. f4+ Kf5 59. Kd2 Ke4 60. Kxc2 Ke3 61. Nc1 Kd4 62. f5 Ne4 63. Ne2+ Ke5 64. Nc3 Nc5 65. Nb5 Kxf5 66. Kc3 Na6 1/2-1/2

[Variant "Standard"]
[Site "Europe Echecs"]

[Event "Championnat du monde jeunes U12F"]
[Date "2024.11.24"]
[White "Liu, Lillian Yu-Ning"]
[Black "Dzafic, Merjem"]
[WhiteElo "1456"]
[BlackElo "1568"]
[Round "9.41"]
[Result "1/2-1/2"]
[TimeControl "5400+30"]

1. e4 c6 2. d4 d5 3. exd5 cxd5 4. Nf3 Nc6 5. Bf4 Bg4 6. c3 Nf6 7. h3 Bh5 8. Nbd2 e6 9. Qb3 Qb6 10. Qxb6 axb6 11. Bc7 Nd7 12. Bd3 Be7 13. O-O O-O 14. Rfe1 Rac8 15. Bf4 Rfd8 16. Ne5 Ncxe5 17. dxe5 Rc7 18. Nb3 Nc5 19. Bc2 Nxb3 20. Bxb3 Rdc8 21. Be3 Bc5 22.
Bf4 b5 23. a3 d4 24. cxd4 Bxd4 25. Ra2 h6 26. Re4 Bc5 27. Re1 g5 28. Bd2 1/2-1/2

[Variant "Standard"]
[Site "Europe Echecs"]

[Event "Championnat du monde jeunes U12F"]
[Date "2024.11.25"]
[White "Xue, Tianhao"]
[Black "Amanzhol, Khanzada"]
[WhiteElo "1835"]
[BlackElo "1780"]
[Round "10.1"]
[Result "1/2-1/2"]
[TimeControl "5400+30"]

1. e4 c5 2. Nf3 Nc6 3. Bb5 g6 4. Bxc6 dxc6 5. d3 Bg7 6. h3 e5 7. Be3 Qe7 8. O-O Nf6 9. Nc3 Nd7 10. Qd2 Nf8 11. Bh6 f6 12. Bxg7 Qxg7 13. Nh2 Ne6 14. Ne2 g5 15. Ng4 Nf4 16. Ne3 Nxe2+ 17. Qxe2 h5 18. Nc4 Qe7 19. a4 Be6 20. Ne3 O-O-O 21. Nf5 Bxf5 22. exf5 Qd7 23. Qe4 Qd4 24. Qxd4 Rxd4 25. g3 Rhd8 26. Rfe1 Kc7 27. b3 Kb6 28. f3 h4 29. g4 a5 30. Kf2 Ka6 31. Ra2 Kb6 32. Ke3 Kc7 33. Rd1 c4 34. bxc4 Rxc4 35. Rb1 Rcd4 36. Rb3 R8d7 37. Rab2 Kc8 38. Ra3 Kc7 39. Rb1 Kb8 40. Rd1 Ka7 41. c3 R4d5 42. Ke4
1/2-1/2

[Variant "Standard"]
[Site "Europe Echecs"]

[Event "Championnat du monde jeunes U12F"]
[Date "2024.11.25"]
[White "Buyankhishig, Batpelden"]
[Black "Venskaya, Nika"]
[WhiteElo "1867"]
[BlackElo "1871"]
[Round "10.2"]
[Result "1-0"]
[TimeControl "5400+30"]

1. d4 Nf6 2. c4 g6 3. Nc3 Bg7 4. e4 d6 5. Nf3 O-O 6. Be2 c6 7. O-O Qc7 8. h3 e5 9. c5 dxc5 10. dxe5 Nfd7 11. e6 fxe6 12. Be3 b6 13. Ng5 Nf6 14. Qb3 Qe7 15. Bc4 h6 16. Bxe6+ Kh8 17. Bxc8 Rxc8 18. e5 Nfd7 19. Nf7+ Kh7 20. f4 Rf8 21. Nd6 Na6 22. Rad1 Nc7 23. Qa4 Nb8 24. Qe4 Nba6 25. Qxc6 Rad8 26. Qe4 Qe6 27. Bf2 Nb8 28. Bg3 Kg8 29. Nb7 Rxd1 30. Rxd1 Ne8 31. Nd8 Qf5 32. Qb7 g5 33. fxg5 Qxg5 34. Kh2 Rf5 35. Qxb8 Bxe5 36. Bxe5 Rxe5 37. Rd3 Kh7 38. Rg3 Qf6 39. Rf3 Rf5 40. Qb7+ Kh8 41. Nf7+ Kg7 42. Rxf5 Qe6 43. Nd8+ Kg6 44. Nxe6 a5 45. Qf7# 1-0

[Variant "Standard"]
[Site "Europe Echecs"]

[Event "Championnat du monde jeunes U12F"]
[Date "2024.11.25"]
[White "Pratitee Bordoloi"]
[Black "Hanya Shah"]
[WhiteElo "1929"]
[BlackElo "1888"]
[Round "10.3"]
[Result "1/2-1/2"]
[TimeControl "5400+30"]

1. e4 c6 2. d4 d5 3. exd5 cxd5 4. c4 e6 5. Nc3 Nf6 6. Nf3 Bb4 7. Bd3 dxc4 8. Bxc4 O-O 9. O-O b6 10. a3 Bxc3 11. bxc3 Bb7 12. Bg5 Nbd7 13. Ba2 Qc7 14. c4 Qd6 15. Qd3 Rfe8 16. Bxf6 Nxf6 17. Ne5 Rad8 18. Rad1 Nd7 19. f4 f5 20. Qh3 Nxe5 21. fxe5 Qe7 22. Qg3 Rd7 23. Rd2 Red8 24. Rfd1 Kh8 25. Qe3 Be4 26. Bb1 Bxb1 27. Rxb1 Rc7 28. Qd3 Rdc8 29. Rc1 b5 30. c5 a6 31. Ra1 Rd8 32. Qe3 Qd7 33. Rad1 Qd5 34. Qf3 Qc4 35. h3 a5 36. Kh2 h6 37. Qe3 Rd5 38. Rd3 b4 39. axb4 axb4 40. Rc1 Qb5 41. Rb3 Rcd7 42. c6 Rc7 43. Rcb1 Qxc6 44. Rxb4 Qd7 45. R1b2 Kh7 46. Rd2 Rb7 47. Rxb7 Qxb7 48. Qd3 Kg8 49. Rc2 Qd7 50. Rd2 Qa4 51. Qc3 Qd7 52. Qd3 Qe7 53. Qc3 Qd7 54. Qd3 Qd8 55. Qa6 Qd7 56. Qd3 Qf7 57. Qc3 Qd7 58. Qd3 1/2-1/2

[Variant "Standard"]
[Site "Europe Echecs"]

[Event "Championnat du monde jeunes U12F"]
[Date "2024.11.25"]
[White "Mozolevskaya, Tatyana Nik"]
[Black "Tong Thai Hoang An"]
[WhiteElo "1775"]
[BlackElo "1869"]
[Round "10.4"]
[Result "0-1"]
[TimeControl "5400+30"]

1. Nf3 d5 2. g3 c5 3. Bg2 f6 4. e3 e5 5. c4 d4 6. exd4 cxd4 7. O-O Nc6 8. Nh4 Be6 9. d3 Qd7 10. Qe2 O-O-O 11. a3 Nge7 12. b4 g5 13. Nf3 Ng6 14. b5 Nb8 15. Nbd2 h5 16. Ne4 Be7 17. Ne1 g4 18. f3 Rdf8 19. Nf2 f5 20. Bd2 Rfg8 21. Nc2 Bd6 22. Rae1 Bc7 23. Bb4 h4 24. fxg4 hxg3 25. gxf5 Nf4 26. Qe4 gxf2+ 27.
Rxf2 Bxf5 28. Qxb7+ Kd8 29. Rxf4 Qh7 30. Rxd4+ Bd7 31. Bd6 Rxg2+ 32. Kxg2 Qxh2+ 33. Kf1 Bh3+ 0-1

[Variant "Standard"]
[Site "Europe Echecs"]

[Event "Championnat du monde jeunes U12F"]
[Date "2024.11.25"]
[White "Pavithra R V"]
[Black "Li, Sophie"]
[WhiteElo "1854"]
[BlackElo "1798"]
[Round "10.5"]
[Result "0-1"]
[TimeControl "5400+30"]

1. e4 e6 2. d4 d5 3. e5 c5 4. c3 Nc6 5. Nf3 Nge7 6. Bb5 Bd7 7. Bxc6 Nxc6 8. O-O cxd4 9. cxd4 Be7 10. Nc3 O-O 11. h3 Rc8 12. Nh2 Re8 13. Be3 Na5 14. f4 Nc4 15. Bc1 Qb6 16. b3 Nxe5 17. fxe5 Rxc3 18. Bb2 Rcc8 19. Qh5 f5 20. exf6 Bxf6 21. Kh1 Rf8 22. Ba3 Rf7 23. Bc5 Qd8 24. Ng4 Be8 25. Nxf6+ Rxf6 26. Qg4 b6 27. Ba3 Bb5 28. Rfc1 Bd7 29. Rxc8 Qxc8 30. Rc1 Qb8 31. Qg5 h6 32. Qe3 Rf4 33. Qc3 Rf2 34. Bb2 Qf4 35. Ba1 Qg5 36. Rg1 Qf4 37. a3 Re2 38. Qd3 Re3 39. Qc2 Qg3 40. Bb2 Rxb3 41. Rf1 Qd3 42. Qxd3 Rxd3 43. Rf2 Bb5 44. Kh2 Bc4 45. g3 b5 46. Kg2 a5 47. Kh2 a4 48. Kg2 b4 49. axb4 a3 50. Ba1 Rd1 51. Bc3 a2 52. b5 a1=Q 53. Bxa1 Rxa1 54. Rb2 Ra8 55. b6 Kf7 56. Kf3 Kf6 57. Kf4 g5+ 58. Kg4 Kg6 59. h4 h5+ 60. Kf3 g4+ 61. Ke3 Kf6 62. Rf2+ Ke7 63. Kf4 Rf8+ 64. Ke3 Rxf2 65. Kxf2 Ba6 66. Ke3 Kf6 67. Kf4 Bb7 68. Ke3 e5 69. dxe5+ Kxe5 70. Kf2 d4 71. Kf1 Ke4 72. Kg2 Ke3+ 73. Kg1 d3 74. Kh2 d2 75. Kg1 d1=Q+ 76. Kh2 Qh1# 0-1

[Variant "Standard"]
[Site "Europe Echecs"]

[Event "Championnat du monde jeunes U12F"]
[Date "2024.11.25"]
[White "Allahverdi, Zahra"]
[Black "Tran Le Vy"]
[WhiteElo "1718"]
[BlackElo "1854"]
[Round "10.6"]
[Result "0-1"]
[TimeControl "5400+30"]

1. c4 b6 2. d4 Bb7 3. Nf3 Nf6 4. g3 Bxf3 5. exf3 e6 6. Bg2 c6 7. O-O d5 8. Qc2 Nbd7 9. f4 g6 10. Nd2 Bg7 11. Nf3 O-O 12. Ne5 Qc7 13. cxd5 Nxe5 14. d6 Qd7 15. fxe5 Nd5 16. f4 Rac8 17. Bxd5 exd5 18. Be3 c5 19. Qd2 c4 20. Qg2 Qe6 21. Rac1 a5 22. a3 f5 23. Qc2 b5 24. Bd2 Ra8 25. Kg2 Rfe8 26. Rf3 Reb8 27. Qd1 Ra6 28. Qe1 Rba8 29. Qd1 Kf7 30. Rf2 h5 31. h3 Rb6 32. g4 hxg4 33. hxg4 Rbb8 34. Qe2 b4 35. axb4 axb4 36. Qe1 fxg4 37. Bxb4 Rh8 38. Qe2 g3 39. f5 gxf5 40. Kxg3 Qg6+ 0-1

[Variant "Standard"]
[Site "Europe Echecs"]

[Event "Championnat du monde jeunes U12F"]
[Date "2024.11.25"]
[White "Xu, Luna Yuexiu"]
[Black "Bassari, Senem Gul"]
[WhiteElo "1821"]
[BlackElo "1778"]
[Round "10.7"]
[Result "1-0"]
[TimeControl "5400+30"]

1. e4 c5 2. Nf3 d6 3. d4 cxd4 4. Nxd4 Nf6 5. Nc3 a6 6. Be2 e5 7. Nb3 Be7 8. Be3 Be6 9. O-O Nbd7 10. f3 O-O 11. Nd5 Bxd5 12. exd5 Qc7 13. c4 b6 14. Qd2 a5 15. a4 Ne8 16. Nc1 f5 17. Qc2 f4 18. Bf2 Nef6 19. Kh1 Nxd5 20. Qb3 Nb4 21. c5+ Kh8 22. cxb6 Nxb6 23. Bxb6 Qxb6 24. Na2 Rab8 25. Nxb4 Qxb4 26. Qe6 Qb7 27. Bd3 Rf6 28. Qg4 Rh6 29. Rac1 Bd8 30. Rfd1 d5 31. Qf5 Bf6 32. Rc5 Rd8 33. Be4 Qb3 34. Bc2 Qb7 35. Rb5 Qa8 36. Qe6 Bh4 37. Qxe5 Bg3 38. h3 d4 39. Rxd4 Rxh3+ 40. Kg1 Qa7 41. Rd5 Bh2+ 42. Kf1 Rf8 43. Rd8 Qf7 44. Rxf8+ Qxf8 45. gxh3 Qc8 46.
Qf5 Qa6+ 47. Bd3 1-0

[Variant "Standard"]
[Site "Europe Echecs"]

[Event "Championnat du monde jeunes U12F"]
[Date "2024.11.25"]
[White "Li, Peishan"]
[Black "Jordan, Christina"]
[WhiteElo "1729"]
[BlackElo "1803"]
[Round "10.8"]
[Result "1-0"]
[TimeControl "5400+30"]

1. e4 c5 2. Nf3 d6 3. d4 cxd4 4. Nxd4 Nf6 5. Nc3 a6 6. Be2 e5 7. Nb3 Be7 8. O-O O-O 9. Qd3 Nc6 10. a3 Be6 11. Be3 Rc8 12. Rfd1 Qc7 13. Rac1 Rfd8 14. Nd5 Bxd5 15. exd5 Nb8 16. c4 Nbd7 17. Nd2 Nc5 18. Qb1 b6 19. b4 Ncd7 20. Nb3 Rb8 21. Qd3 Rbc8 22. Qd2 Qb7 23. Rb1 Qc7 24. Rdc1 Rb8 25. Bf3 Rdc8 26. Be2 Rd8 27. a4 Rdc8 28. a5 Ne4 29. Qd3 Nef6 30. axb6 Nxb6 31. Na5 e4 32. Qd4 Bd8 33. Nc6 Rb7 34. Ra1 Ra8 35. Bf4 Qd7 36. Ra3 Bc7 37. Bg5 Bd8 38. Rca1 h6 39. Bh4 g5 40. Bg3 h5 41. h4 Ne8 42. Nxd8 Qxd8 43. Qxe4 Re7 44. Qd3 Rc8 45. Rc1 Rec7 46. c5 Re7 47. c6 Nxd5 48. Qxd5 Rxe2 49. hxg5 Qb6 50. g6 Re7 51. Bxd6 Nxd6 52. Qxd6 Rce8 53. gxf7+ Rxf7 54. Rg3+ Rg7 55. Qd5+ Kf8 56. Rf3+ Ke7 57. Qd7# 1-0

[Variant "Standard"]
[Site "Europe Echecs"]

[Event "Championnat du monde jeunes U12F"]
[Date "2024.11.25"]
[White "Qiu, Laurie"]
[Black "Aadya Ranganath"]
[WhiteElo "1994"]
[BlackElo "1753"]
[Round "10.9"]
[Result "1-0"]
[TimeControl "5400+30"]

1. e4 e5 2. Nf3 Nc6 3. Nc3 Nf6 4. h3 Bc5 5. Nxe5 Nxe5 6. d4 Bxd4 7. Qxd4 Nc6 8. Qd1 h6 9. Bd3 O-O 10. O-O d6 11. f4 Re8 12. Qf3 Bd7 13. Ne2 Qe7 14. Ng3 Nd4 15. Qf2 c5 16. b3 Nc6 17. Bb2 Nb4 18. Rae1 Nxd3 19. cxd3 a5 20. e5 Nd5 21. Ne4 dxe5 22. fxe5 b6 23. Qg3 Kh8 24. e6 fxe6 25. Qg6 Kg8 26. Ng3 Qg5 27. Qf7+ Kh8 28. Ne4 Qe7 29. Bxg7+ Kh7 30. Be5+ Qxf7 31. Rxf7+ Kg6 32. Rxd7 Rad8 33. Rg7+ Kf5 34. Ng3# 1-0

[Variant "Standard"]
[Site "Europe Echecs"]

[Event "Championnat du monde jeunes U12F"]
[Date "2024.11.25"]
[White "Siskou, Evangelia"]
[Black "Siddhi Rao"]
[WhiteElo "1884"]
[BlackElo "1677"]
[Round "10.10"]
[Result "1-0"]
[TimeControl "5400+30"]

1. c4 e5 2. g3 c6 3. d4 Bb4+ 4. Bd2 Bxd2+ 5. Qxd2 d6 6. Bg2 Nf6 7. Nc3 O-O 8. Rd1 Nbd7 9. d5 cxd5 10. Nxd5 Nb6 11. Nxf6+ Qxf6 12. b3 Be6 13. Bxb7 Rab8 14. Bg2 Rfd8 15. Nf3 Rbc8 16. Qe3 h6 17. O-O Qg6 18. Rd2 Bxc4 19. bxc4 Nxc4 20. Qxa7 Ra8 21. Qe7 Re8 22. Qd7 Red8 23. Qc7 Rdc8 24. Qb7 Rab8 25. Qd7 Nxd2 26. Nxd2 Qc2 27. Ne4 Rd8 28. Qe7 Re8 29. Qxd6 Qxa2 30. Qd7 Qe6 31. Qa7 Rb2 32. Qe3 Qb6 33. Qf3 Rd8 34. Qh5 Qb5 35. Bf3 Rb1 36. Rxb1 Qxb1+ 37. Kg2 Qb5 38. g4 Qe8 39. g5 Qe6 40. Qh4 Qg6 41. Bh5 hxg5 42. Nxg5 Qc6+ 43. e4 Rf8 44. Qh3 Qf6 45. Qg3 g6 46. Be2 Rc8 47. h4 Rc2 48. Bd1 Rd2 49. Bb3 Rd7 50. h5 Qg7 51. Nxf7 Rxf7 52. hxg6 Kf8 53. gxf7 Qh7 54. Qg8+ Qxg8+ 55.
fxg8=Q+ Ke7 56. Qd5 Kf6 57. Qf7+ Kg5 58. Kg3 Kh6 59. Bd1 Kg5 60. Qg7# 1-0

[Variant "Standard"]
[Site "Europe Echecs"]

[Event "Championnat du monde jeunes U12F"]
[Date "2024.11.25"]
[White "Illes-Nagy, Nora"]
[Black "Sri Darshini T"]
[WhiteElo "1803"]
[BlackElo "1681"]
[Round "10.11"]
[Result "1/2-1/2"]
[TimeControl "5400+30"]

1. d4 Nf6 2. c4 e6 3. Nc3 Bb4 4. e3 O-O 5. Bd3 d5 6. Nf3 c5 7. O-O dxc4 8. Bxc4 cxd4 9. exd4 b6 10. Bg5 Bb7 11. a3 Be7 12. Ne5 Nc6 13. Nxc6 Bxc6 14. Qd3 Qd7 15. Rfe1 Rfd8 16. Rad1 Nd5 17. Nxd5 Bxg5 18. Nb4 Rac8 19. d5 exd5 20. Nxd5 Bxd5 21. Bxd5 Re8 22. Qb3 Rxe1+ 23. Rxe1 g6 24. g3 Kg7 25. Rd1 Qf5 26. Qf3 Rc1 27. b3 Qxf3 28. Bxf3 Rxd1+ 29. Bxd1 Be7 30. a4 Kf6 31. Be2 Ke5 32. Kg2 Bc5 33. Bc4 Kf6 34. Kf3 a5 35. Ke2 Ke7 36. f3 Bg1 37. h3 Bc5 38. Kd3 Bd6 39. g4 f5 40. Ke3 Kf6 41. Kf2 f4 42. Bg8 h6 43. Bc4 Ke5 44. Ke2 Kd4 45. Bf7 g5 46. Bc4 Bb4 47. Bf7 Bc3 48. Bc4 Bb4 1/2-1/2

[Variant "Standard"]
[Site "Europe Echecs"]

[Event "Championnat du monde jeunes U12F"]
[Date "2024.11.25"]
[White "Ivaschenko, Anna"]
[Black "Rzadkowska, Kaja"]
[WhiteElo "1732"]
[BlackElo "1798"]
[Round "10.12"]
[Result "1/2-1/2"]
[TimeControl "5400+30"]

1. Nf3 Nf6 2. c4 e6 3. g3 d5 4. Bg2 c5 5. cxd5 exd5 6. d4 Nc6 7. O-O Be7 8. dxc5 Bxc5 9. Bg5 Be6 10. Nc3 d4 11. Bxf6 Qxf6 12. Ne4 Qe7 13. Nxc5 Qxc5 14. a3 O-O 15. b4 Qb6 16. Qd3 Rad8 17. Ng5 g6 18. Nxe6 fxe6 19. Qe4 e5 20. Kh1 Rde8 21. Rac1 Re7 22. f4 Kg7 23. Rc5 Ref7 24. Rfc1 exf4 25. b5 Nd8 26. Qxd4+ Qf6 27. Qxf6+ Rxf6 28. gxf4 Rxf4 29. Rc8 R4f7 30. Bd5 Rf5 31. e4 Rf2 32. R8c7+ Kh6 33. R7c2 R2f4 34. e5 Rd4 35. Bg2 Rd3 36. Re1 Rxa3 37. Rc7 Ra2 38. Rd7 Rb2 39. Bxb7 Nxb7 40. Rxb7 Rff2 41. e6 Rxh2+ 42. Kg1 Rbg2+ 43. Kf1 Rf2+ 44. Kg1 Rfg2+ 45. Kf1 Rf2+ 1/2-1/2

[Variant "Standard"]
[Site "Europe Echecs"]

[Event "Championnat du monde jeunes U12F"]
[Date "2024.11.25"]
[White "Bogomolnikova, Zlata"]
[Black "Zavivaeva, Kristina"]
[WhiteElo "1628"]
[BlackElo "1775"]
[Round "10.13"]
[Result "1-0"]
[TimeControl "5400+30"]

1. d4 Nf6 2. c4 c5 3. d5 b5 4. Qc2 bxc4 5. e4 d6 6. Bxc4 g6 7. Nf3 Bg7 8. h3 O-O 9. O-O Nbd7 10. Nc3 Qc7 11. Bf4 Bb7 12. Rfe1 Nb6 13. Bf1 a6 14. Rad1 Rad8 15. Kh1 Rfe8 16. b3 h6 17. Nb1 e6 18. dxe6 Rxe6 19. Nfd2 Qe7 20. f3 d5 21. Bd3 dxe4 22. Nxe4 Nxe4 23. fxe4 Nd5 24. Bd2 Nf6 25. Nc3 Re8 26. Bc4 Bxe4 27. Qc1 Re5 28. Bxa6 Qe6 29. Nxe4 Nxe4 30. Bc4 Qd6 31. Be3 Qe7 32. Kg1 g5 33. Bd3 Nc3 34. Bf2 Nxd1 35. Rxd1 Rd8 36. Qc2 Kh8 37. Rf1 Red5 38. Bc4 Rd2 39. Qf5 Qb7 40. Re1 Bd4 41. Bxd4+ R2xd4 42. Qxc5 Rd2 43. Qe5+ Kg8 44. Re2 Qa7+ 45. Kh2 Rd1 46. Qf6 Qg1+ 47. Kg3 R1d7 48. Bxf7+ Rxf7 49.
Qxd8+ Kg7 50. Qd3 h5 51. Qc3+ Kh7 52.
Qc2+ Kg7 53. Qc3+ Kh7 54. Qe3 Qf1 55.
Qe4+ Kh6 56. Kh2 h4 57. Qg4 Qc1 58. Re6+ Kg7 59. Qe4 Qc7+ 60. Qe5+ Qxe5+ 61. Rxe5 Kf6 62. Rc5 Ra7 63. a4 Rb7 64. Rb5 Ra7 65. a5 Kg6 66. b4 Kh5 67. Rb6 Ra8 68. a6 g4 69. hxg4+ Kxg4 70. b5 h3 71. gxh3+ Kh4 72. Rg6 Rc8 73. b6 Rc3 74. Rg4+ Kh5 75. b7 Rf3 76. b8=Q Rf8 77. Qe5+ Kh6 78. Qg7+ Kh5 79. Qg5# 1-0

[Variant "Standard"]
[Site "Europe Echecs"]

[Event "Championnat du monde jeunes U12F"]
[Date "2024.11.25"]
[White "Ejsymont, Blanka"]
[Black "Sinkar, Anagha Aniket"]
[WhiteElo "1945"]
[BlackElo "1723"]
[Round "10.14"]
[Result "1-0"]
[TimeControl "5400+30"]

1. e4 c5 2. Nf3 Nc6 3. d4 cxd4 4. Nxd4 g6 5. c4 Bg7 6. Be3 Nf6 7. Nc3 d6 8. Be2 O-O 9. O-O Bd7 10. h3 a6 11. Nf3 Rb8 12. a3 Qc7 13. Rc1 b6 14. b4 Qb7 15. Nd5 Nxd5 16. exd5 Nd8 17. Qd2 f6 18. Nd4 Re8 19. Nb3 e6 20. dxe6 Nxe6 21. Qxd6 Ba4 22. Bf3 Qf7 23. Nd4 Bf8 24. Qg3 Nxd4 25. Bxd4 Bd7 26. Rfe1 Be6 27. Rxe6 Rxe6 28. Qxb8 1-0

[Variant "Standard"]
[Site "Europe Echecs"]

[Event "Championnat du monde jeunes U12F"]
[Date "2024.11.25"]
[White "Bohatyrova, Mariia"]
[Black "Ahmed Mohamed, Zakaa"]
[WhiteElo "1722"]
[BlackElo "1866"]
[Round "10.15"]
[Result "0-1"]
[TimeControl "5400+30"]

1. e4 e5 2. Nf3 d6 3. d4 exd4 4. Qxd4 Nc6 5. Bb5 Bd7 6. Bxc6 Bxc6 7. Nc3 Nf6 8. Bg5 Be7 9. O-O-O O-O 10. Rhe1 Qc8 11. h3 Rd8 12. Qe3 b5 13. Nd4 Qd7 14. Nf5 Re8 15. f3 b4 16. Ne2 Bd8 17. Ned4 a5 18. Qd2 Rb8 19. Bf4 Ba8 20. e5 dxe5 21. Rxe5 Rxe5 22. Bxe5 Qd5 23. Nb3 Qxe5 24. Qg5 Nd7 25. Qg4 Nb6 26. g3 Bf6 27. Nbd4 c5 28. f4 Qe4 29. Nf3 Qxf3 30. Qxf3 Bxf3 31. Rf1 Bg2 32. Re1 Bxh3 33. Nd6 h6 34. Ne4 Nd7 35. Rg1 Re8 36. Nf2 Be6 37. Re1 Kf8 38. Rd1 Bd4 39. Nd3 Bg4 40. Rf1 Be2 41. Rh1 Bxd3 0-1

[Variant "Standard"]
[Site "Europe Echecs"]

[Event "Championnat du monde jeunes U12F"]
[Date "2024.11.25"]
[White "Smirnova, Viktoria A"]
[Black "Abak, Tuana"]
[WhiteElo "1658"]
[BlackElo "1806"]
[Round "10.16"]
[Result "0-1"]
[TimeControl "5400+30"]

1. d4 d5 2. c4 c6 3. Nd2 Nf6 4. Ngf3 Bf5 5. Nh4 Bg6 6. Qb3 Qb6 7. Qh3 Na6 8. Nxg6 fxg6 9. c5 Qa5 10. Qc3 Qd8 11. e3 Nc7 12. Bd3 e6 13. Nf3 Be7 14. Ne5 Nd7 15. Nf3 O-O 16. b4 Bf6 17. O-O Qe7 18. Ne5 Bxe5 19. dxe5 Nb5 20. Bxb5 cxb5 21. Bb2 Rfc8 22. Qd3 a6 23. Rac1 b6 24. cxb6 Nxb6 25. Bd4 Nc4 26. a3 a5 27. Bc5 Nxe5 28. Qxb5 Qd7 29. Qxd7 Nxd7 30. Bd6 a4 31. Rxc8+ Rxc8 32. b5 Nb6 33. Rb1 Rc3 34. g4 Kf7 35. Rd1 Rc4 36. Rd4 Rxd4 37. exd4 Nc4 38. Bc5 Ke8 39. Kf1 Kd7 40. Ke2 Kc7 41. Kd3 e5 42. f3 g5 43. dxe5 Nxe5+ 44. Ke3 g6 45. Bd4 Nc4+ 46. Kd3 Nxa3 47. b6+ Kc6 48. Bf6 Kxb6 49. Bxg5 Nb5 50. Bf6 Kc6 51. Ba1 Kd6 52. f4 Ke6 53. h4 Nd6 54. Kd4 a3 55. Kc5 Ne4+ 56. Kb4 Nf2 57. f5+ gxf5 58. gxf5+ Kxf5 59. Kxa3
Ne4 60. Kb3 Kg4 61. Kc2 Kxh4 62. Kd3 Kg4 63. Kd4 h5 64. Kxd5 Ng5 65. Kd4 Kf3 66. Ke5 h4 67. Kf5 Nf7 68. Bd4 h3 69. Bg1 Kg2 70. Kg4 Ne5+ 71. Kh4 Nf3+ 0-1

[Variant "Standard"]
[Site "Europe Echecs"]

[Event "Championnat du monde jeunes U12F"]
[Date "2024.11.25"]
[White "Sabou, Stefania Theodora"]
[Black "Messali Anger, Ilyana"]
[WhiteElo "1736"]
[BlackElo "1687"]
[Round "10.17"]
[Result "1-0"]
[TimeControl "5400+30"]

1. c4 e6 2. d4 d5 3. e3 Nf6 4. Ne2 Bd6 5. Qc2 O-O 6. g3 c6 7. Bg2 Nbd7 8. O-O b6 9. Nd2 Bb7 10. e4 dxe4 11. Nxe4 Nxe4 12. Bxe4 Nf6 13. Bg2 h6 14. f4 Qe7 15. f5 e5 16. Kh1 exd4 17. Nxd4 c5 18. Nf3 Rae8 19. Bd2 Be4 20. Qb3 Bxf5 21. Nh4 Be4 22. Rae1 Bxg2+ 23. Kxg2 Qb7+ 24. Kg1 Qd7 25.
Rxe8 Nxe8 26. Qd3 Qd8 27. Ng6 Nf6 28.
Nxf8 Kxf8 29. Bf4 Be7 30. Qxd8+ Bxd8 31.
Rd1 Ke8 32. Re1+ Kd7 33. Be5 Kc6 34.
Bxf6 Bxf6 35. b3 a6 36. Re8 Bd4+ 37. Kg2 f5 38. Re6+ Kb7 39. Kf3 a5 40. Kf4 Bf6 41. Kxf5 Bd4 42. g4 Kc7 43. h4 Bf2 44. h5 Bd4 45. g5 Be3 46. Rxe3 hxg5 47. Kxg5 Kd6 48. Kg6 Kc6 49. Kxg7 Kd6 50. h6 Kc6 51. h7 Kd6 52. h8=Q Kc6 53. Qa8+ Kd7 54. Qd5+ Kc7 55. Re7+ Kc8 56. Qa8# 1-0

[Variant "Standard"]
[Site "Europe Echecs"]

[Event "Championnat du monde jeunes U12F"]
[Date "2024.11.25"]
[White "Xia, Miaoyan"]
[Black "Harutyunyan, Gabriela"]
[WhiteElo "1711"]
[BlackElo "1730"]
[Round "10.18"]
[Result "0-1"]
[TimeControl "5400+30"]

1. e4 c5 2. Nf3 Nc6 3. d4 cxd4 4. Nxd4 e5 5. Nb5 a6 6. Nd6+ Bxd6 7. Qxd6 Qe7 8. Qd1 Nf6 9. Nc3 d6 10. Bg5 Be6 11. Nd5 Bxd5 12. exd5 Nb8 13. Bd3 Nbd7 14. Bf5 Nb6 15. Be4 h6 16. Bxf6 Qxf6 17. O-O O-O 18. b3 Qg5 19. f4 exf4 20. Qd4 Nd7 21. Rxf4 Rae8 22. Bf5 Nf6 23. Raf1 Re2 24. g3 Rfe8 25. Bd3 R2e3 26. Kg2 Qe5 27. Qxe5 R8xe5 28. Kg1 Rxd5 29. Rc4 Rc5 30. Rd4 d5 31. Rb4 Rc7 32. Rff4 Kf8 33. Kf2 Re6 34. c4 Ke7 35. Rd4 dxc4 36. Rdxc4 Rxc4 37. Rxb7+ Nd7 38. Bxc4 Rd6 39. Ra7 Rd2+ 40. Ke3 Rxh2 41. Bxf7 Rxa2 42. Bc4 Rg2 43.
Kf3 Rc2 44. Bxa6 Rc3+ 45. Ke4 Kd6 46.
Bc4 Rxg3 47. Kf4 Rg1 48. b4 Nf6 49. Ra6+ Kc7 50. Bf7 Rg4+ 51. Kf5 Rxb4 52. Bg6 Kb7 53. Re6 Nd5 54. Ke5 Nc7 55. Re7 Rb5+ 56. Ke4 Kc6 57. Rxg7 Rb4+ 58. Kf3 Ne6 59. Be8+ Kc5 60. Rg6 Rb6 61. Kf2 Rb2+ 62. Kg1 Nf4 63. Rxh6 Kd4 64. Rd6+ Ke3 65. Bd7 Kf3 66. Rd1 Kg3 67. Ra1 Rg2+ 68. Kf1 Rf2+ 69. Ke1 Nd3+ 70. Kd1 Rf1+ 71. Kd2 Rxa1 72. Kxd3 Rd1+ 0-1

[Variant "Standard"]
[Site "Europe Echecs"]